 Dungeon Crawl Stone Soup version 0.25-a0-785-gb22c70e859 (webtiles) character file.

Game seed: 10074902854718104558, levelgen mode: deterministic

5970 Conn the Thaumaturge (level 10, 0/56 HPs)
             Began as a Deep Elf Wizard on Apr 17, 2020.
             Slain by a yak (18 damage)
             ... on level 10 of the Dungeon.
             The game lasted 00:47:08 (10290 turns).

Conn the Thaumaturge (Deep Elf Wizard)             Turns: 10290, Time: 00:47:12

Health: 0/56       AC:  5    Str:  4    XL:     10   Next: 55%
Magic:  0/29       EV: 14    Int: 27    God:
Gold:   587        SH:  4    Dex: 13    Spells: 25/36 levels left

rFire    + . .     SeeInvis .   a - +4 dagger (speed)
rCold    . . .     Gourm    +   (no shield)
rNeg     . . .     Faith    .   x - +1 robe of Resourcefulness {+Fly}
rPois    +         Spirit   .   D - +2 hat
rElec    .         Reflect  .   (no cloak)
rCorr    .         Harm     .   (no gloves)
MR       +....                  (no boots)
Stlth    ++........             v - amulet of the gourmand
HPRegen  0.18/turn              t - ring of protection from fire
MPRegen  0.21/turn              A - ring of poison resistance

@: no status effects
A: large bone plates 1, wild magic 1
a: Evoke Flight


You were on level 10 of the Dungeon.
You were completely stuffed.

You visited 1 branch of the dungeon, and saw 10 of its levels.
You also visited: Ossuary and Bailey.

You collected 587 gold pieces.

Inventory:

Hand Weapons
 a - a +4 dagger of speed (weapon)
 l - a +3 trident of venom
 u - a +3 rapier of venom
Armour
 e - a +1 robe
 r - a +3 leather armour
 x - the +1 robe of Resourcefulness (worn) {+Fly}
   (You found it on level 8 of the Dungeon)

   It lets you fly.
 D - a +2 hat (worn)
Magical Staves
 b - an uncursed staff of air
Jewellery
 t - a ring of protection from fire (left hand)
 v - an amulet of the gourmand (around neck)
 A - a ring of poison resistance (right hand)
 I - an uncursed ring of ice
Wands
 y - a wand of polymorph (7)
 C - a wand of flame (28)
Scrolls
 f - 13 scrolls of identify
 g - 2 scrolls of teleportation
 h - 5 scrolls of remove curse
 j - 2 scrolls of enchant armour
 k - 4 scrolls of fog
 w - a scroll of magic mapping
 E - a scroll of blinking
 F - a scroll of fear
 G - a scroll of acquirement {unknown}
Potions
 c - 3 potions of lignification
 i - 2 potions of stabbing
 m - 3 potions of brilliance
 n - a potion of invisibility {unknown}
 o - 5 potions of heal wounds
 p - 2 potions of might
 q - a potion of mutation
 s - 3 potions of cancellation {unknown}
 z - a potion of curing
 H - a potion of resistance {unknown}
Comestibles
 d - 15 rations
 B - 9 chunks of flesh


   Skills:
 + Level 3.0 Fighting
 + Level 5.2 Short Blades
 + Level 4.6 Dodging
 - Level 3.0 Stealth
 * Level 13.7 Spellcasting
 * Level 8.8 Conjurations
 + Level 3.5 Summonings
 + Level 2.3 Translocations
 + Level 0.8 Fire Magic
 + Level 1.6 Air Magic
 + Level 2.2 Poison Magic


You had 25 spell levels left.
You knew the following spells:

 Your Spells              Type           Power        Failure   Level  Hunger
a - Magic Dart            Conj           ####         1%          1    None
b - Blink                 Tloc           N/A          3%          2    None
c - Call Imp              Summ           #####...     2%          2    None
d - Conjure Flame         Conj/Fire      ######..     2%          3    None
e - Mephitic Cloud        Conj/Pois/Air  ######..     3%          3    None

Your spell library contained the following spells:

 Spells                   Type           Power        Failure   Level  Hunger
 Summon Small Mammal      Summ           ####         1%          1    None
 Apportation              Tloc           #####.       2%          1    None
 Animate Skeleton         Necr           N/A          5%          1    None
 Corona                   Hex            ###....      5%          1    None
 Gell's Gravitas          Tloc           #####.....   5%          3    None
 Slow                     Hex            ###.....     7%          2    None
 Confusing Touch          Hex            ###.....     13%         3    None
 Petrify                  Tmut/Erth      ###.....     36%         4    None
 Metabolic Englaciation   Hex/Ice        ###.......   71%         5    ##.....
 Yara's Violent Unravell  Hex/Tmut       ###.......   71%         5    ##.....


Dungeon Overview and Level Annotations

Branches:
Dungeon (10/15)           Ossuary (visited)          Bailey (visited)
 Temple: D:4-7         Lair: D:8-11         Orc: D:9-12

Altars:
Elyvilon
Gozag
Makhleb
Nemelex Xobeh
Okawaru
Qazlal
Vehumet
Zin

Shops:
D:8 *   D:9 ([   D:10 (


Innate Abilities, Weirdness & Mutations

You are partially covered in large bone plates. (SH +4)
Your spells are a little harder to cast, but a little more powerful.


Message History

You hit the yak but do no damage.
The yak is heavily wounded.
The yak seems less confused.
Your crimson imp blinks!
You hit the yak.
The yak is heavily wounded.
The phantom blinks!
The yak gores you!
Casting: Magic Dart (safe; 1% risk of failure)
Confirm with . or Enter, or press ? or * to list all spells.
Aiming: Mephitic Cloud (safe; 3% risk of failure)
Press: ? - help, Shift-Dir - straight line, f/p - yak
Aim: a yak (heavily wounded)
The ball explodes into a vile cloud!
The stinking cloud engulfs the yak but does no damage.
The yak is heavily wounded.
The stinking cloud engulfs the phantom but does no damage.
The stinking cloud engulfs you but does no damage.
The yak is engulfed in noxious fumes.
The yak gores you!!
You die...

.#####......####......
((.....# #.....#..#+#
.(....## #.....#..#.#
..(...# #.....!....#
(..(..+ +..........#
...(..# ###.....#...##
......# #.....5.....#
....).######.#+###...#
.###.........5WY@....#
. #..####....§###+#.#
. #..# #.....# ..#
.###..####.....# ..#
.....(.##÷.).### ...
.<......%....# .##
.###......##.#
...#..(........
......##...#.#.#


You could see a yak, a phantom and a friendly crimson imp.

Vanquished Creatures
  2 two-headed ogres (D:10)
  2 tengu conjurers (D:9)
  A hippogriff (D:9)
  5 yaks (D:10)
  Eustachio (D:5)
  A hungry ghost (D:8)
  Edmund (D:6)
  2 water moccasins
  2 orc warriors
  2 sky beasts (D:6)
  3 ogres
  5 centaurs
  A big kobold (D:8)
  4 bullfrogs
  A wyvern zombie (Ossuary)
  A scorpion (D:8)
  A killer bee (D:6)
  3 wights
  A centaur zombie (D:8)
  A crimson imp (D:5)
  A quasit (D:7)
  4 hounds
  2 jellies
  3 bullfrog skeletons
  3 orc priests (D:6)
  4 orc wizards
  An iguana (D:4)
  5 worker ants
  A killer bee zombie (Ossuary)
  2 hound skeletons (D:8)
  3 hound zombies (Ossuary)
  8 mummies (Ossuary)
  6 adders
  A shadow imp (D:6)
  2 adder zombies
  2 worms
  7 leopard geckos
  25 orcs
  3 giant cockroaches
  10 goblins
  6 hobgoblins
  10 jackals
  A ball python (D:4)
  A ball python zombie (Ossuary)
  10 bats
  4 frilled lizards
  6 kobolds
  A leopard gecko skeleton (D:6)
  A quokka skeleton (D:9)
  6 rats (D:1)
179 creatures vanquished.

Vanquished Creatures (collateral kills)
  Menkaure (D:4)
  An ogre (D:4)
  A scorpion (D:4)
  A wight (D:7)
  3 bullfrog zombies (Ossuary)
  A centaur zombie (Ossuary)
  A hound (D:5)
  An iguana (D:4)
  A worker ant (D:6)
  A killer bee zombie (Ossuary)
  3 mummies (Ossuary)
  3 worker ant zombies (Ossuary)
  3 adders (D:2)
  An adder zombie (Ossuary)
  5 orcs
  3 hobgoblins
  A frilled lizard (D:5)
  A giant cockroach zombie (Ossuary)
  A jackal zombie (Ossuary)
  A quokka zombie (Ossuary)
  A rat (D:2)
35 creatures vanquished.

Vanquished Creatures (others)
  A phantom (D:8)
  2 withered plants (Ossuary)
3 creatures vanquished.

Grand Total: 217 creatures vanquished

Notes
Turn   | Place    | Note
-------+----------+-------------------------------------------
     0 | D:1      | Conn the Deep Elf Wizard began the quest for the Orb.
     0 | D:1      | Reached XP level 1. HP: 10/10 MP: 7/7
   112 | D:1      | Reached skill level 5 in Spellcasting
   119 | D:1      | Reached XP level 2. HP: 15/15 MP: 0/10
   203 | D:1      | Learned a level 2 spell: Blink
   206 | D:1      | Learned a level 2 spell: Call Imp
  1218 | D:2      | Reached XP level 3. HP: 15/19 MP: 4/12
  1529 | D:2      | Found a white marble altar of Elyvilon.
  1593 | D:2      | Reached XP level 4. HP: 24/24 MP: 8/13
  1920 | D:2      | Reached skill level 6 in Spellcasting
  2292 | D:3      | Reached XP level 5. HP: 28/28 MP: 6/16
  2390 | D:3      | Found a faded altar of an unknown god.
  2391 | D:3      | Found a glowing silver altar of Zin.
  2464 | D:3      | Found a radiant altar of Vehumet.
  2598 | D:4      | Reached skill level 7 in Spellcasting
  2606 | D:4      | Learned a level 3 spell: Conjure Flame
  2610 | D:4      | Learned a level 3 spell: Mephitic Cloud
  2645 | D:4      | Noticed an ogre
  2655 | D:4      | Killed an ogre
  2693 | D:4      | Noticed Menkaure
  2703 | D:4      | Killed Menkaure
  2703 | D:4      | Reached skill level 8 in Spellcasting
  2703 | D:4      | Reached XP level 6. HP: 32/32 MP: 8/19
  2961 | D:4      | Found a sand-covered staircase.
  2971 | Ossuary  | Entered an ossuary
  3133 | Ossuary  | Reached XP level 7. HP: 29/36 MP: 11/20
  3422 | Ossuary  | Reached skill level 9 in Spellcasting
  3634 | Ossuary  | Gained mutation: You are partially covered in large bone
                  | plates. (SH +4) [potion of mutation]
  3634 | Ossuary  | Gained mutation: Your spells are a little harder to cast,
                  | but a little more powerful. [potion of mutation]
  3695 | Ossuary  | Reached skill level 1 in Short Blades
  4548 | D:5      | Entered Level 5 of the Dungeon
  4614 | D:5      | Noticed Eustachio
  4649 | D:5      | Reached skill level 10 in Spellcasting
  4649 | D:5      | Reached skill level 5 in Conjurations
  4649 | D:5      | Reached XP level 8. HP: 26/42 MP: 2/24
  4655 | D:5      | Killed Eustachio
  4978 | D:5      | Found a stormy altar of Qazlal.
  5253 | D:5      | Found an iron altar of Okawaru.
  5327 | D:6      | Reached skill level 11 in Spellcasting
  5328 | D:6      | Noticed Edmund
  5346 | D:6      | Killed Edmund
  5362 | D:6      | Reached skill level 1 in Fighting
  5500 | D:6      | Reached skill level 1 in Poison Magic
  5735 | D:6      | Found a sparkling altar of Nemelex Xobeh.
  6314 | D:7      | Reached XP level 9. HP: 28/47 MP: 14/26
  6783 | D:7      | Found a sparkling altar of Nemelex Xobeh.
  7452 | D:8      | Found a burning altar of Makhleb.
  7602 | D:8      | Found Caretynt's Demolitions Depot.
  7659 | D:8      | Reached skill level 12 in Spellcasting
  7918 | D:8      | Got a fabulously ornate robe
  7929 | D:8      | Identified the +1 robe of Resourcefulness {+Fly} (You found
                  | it on level 8 of the Dungeon)
  8805 | D:9      | Noticed a tengu conjurer
  8806 | D:9      | Noticed a tengu conjurer
  8818 | D:9      | Killed a tengu conjurer
  8818 | D:9      | Reached skill level 1 in Air Magic
  8837 | D:9      | Killed a tengu conjurer
  8897 | D:9      | Found a flagged portal.
  8922 | Bailey   | Entered a bailey
  9010 | D:9      | Found Caorom's Armour Emporium.
  9131 | D:9      | Found Kiafonn's Weapon Shop.
  9184 | D:9      | Reached XP level 10. HP: 25/54 MP: 21/28
  9362 | D:9      | Found an opulent altar of Gozag.
  9633 | D:10     | Entered Level 10 of the Dungeon
  9638 | D:10     | Found Tumut's Weapon Shoppe.
  9659 | D:10     | Noticed a two-headed ogre
  9878 | D:10     | Noticed a two-headed ogre
  9884 | D:10     | Reached skill level 5 in Short Blades
  9902 | D:10     | Killed a two-headed ogre
  9991 | D:10     | Reached skill level 13 in Spellcasting
 10226 | D:10     | Killed a two-headed ogre
 10290 | D:10     | Slain by a yak

Levels and vault maps discovered:
D:1:      dpeg_arrival_ratfight, layout_basic, st_stairs_8,
          palyth_stone_intersect, minmay_misc_feat_more_columns,
          minmay_misc_feat_x, minmay_tiny_reverse_x
D:2:      layout_rooms, elyvilon_altar_3
D:3:      layout_rooms, fiery_altar_vehumet, overflow_temple_1_default,
          chequers_ecumenical_altar_simple_redux
D:4:      layout_rooms, enter_ossuary_3, uniq_menkaure
D:5:      layout_rooms, kennysheep_mini_moat, first_ration,
          okawaru_altar_gauntlet_db, uniq_eustachio
D:6:      layout_basic, lemuel_crystal_altar, nrook_campfire, uniq_edmund
D:7:      layout_rooms, lemuel_mausoleum_altar_yredelemnul,
          minmay_temple_entry_statues, corexii_leaking_fountain,
          minmay_misc_feat_secret_circle, minivault_22, grunt_ogre_cave,
          nemelex_xobeh_ov_fountains_minmay
D:8:      layout_basic, basic_altar, small_chamber_with_monster,
          nicolae_blasting_shop
D:9:      layout_basic, kennysheep_little_box, enter_bailey_3, serial_shops,
          nicolae_shop_temple_entry_statues_fountains, shop
D:10:     layout_basic, serial_shops, nicolae_shop_competitors_out_of_business,
          nicolae_shop_competitors_out_of_business, shop, nicolae_shop_crystal

Skill      XL: |  1  2  3  4  5  6  7  8  9 10 |
---------------+-------------------------------+-----
Spellcasting   | 5 6 8 10 11 12 13 | 13.7
Conjurations   | 2 3 4 5 6 7 8 |  8.8
Stealth        | 3 |  3.0
Summonings     | 2 3 |  3.5
Dodging        | 3 4 |  4.6
Short Blades   | 1 2 4 5 |  5.2
Fighting       | 1 2 3 |  3.0
Poison Magic   | 1 2 |  2.2
Translocations | 2 |  2.3
Air Magic      | 1 |  1.6
Fire Magic     | |  0.8

Action                   |  1- 3 |  4- 6 |  7- 9 | 10-12 || total
-------------------------+-------+-------+-------+-------++-------
Melee: Dagger            |    16 |    89 |   310 |    51 ||   466
       Rapier            |       |       |   101 |       ||   101
 Cast: Magic Dart        |    86 |    91 |   158 |    42 ||   377
       Call Imp          |     6 |    19 |    43 |     2 ||    70
       Blink             |     1 |       |    17 |     2 ||    20
       Mephitic Cloud    |       |     3 |    25 |    14 ||    42
       Conjure Flame     |       |     1 |     5 |     3 ||     9
  Use: Scroll            |     7 |     1 |     6 |       ||    14
       Potion            |       |     3 |    10 |       ||    13
 Stab: Sleeping          |     1 |       |     7 |       ||     8
       Confused          |       |     2 |     7 |     9 ||    18
  Eat: Chunk             |     2 |     5 |    30 |     3 ||    40
       Ration            |       |       |     2 |       ||     2
Armor: Robe              |     6 |    20 |    72 |     1 ||    99
Dodge: Dodged            |    30 |    59 |   197 |    14 ||   300
Block: Other             |       |       |    44 |     7 ||    51

Table legend:
 A = Non-vault XP
 B = Vault XP
 C = Vault XP percentage of total XP
 D = Non-vault monster count
 E = Vault monster count
 F = Vault count percentage of total count
                 A         B        C        D         E       F
            +---------+---------+-------+---------+---------+-------
      Total |    7477 |    1052 |  12.3 |     162 |      53 |  24.7
            +---------+---------+-------+---------+---------+-------
        D:1 |      22 |      11 |  33.3 |      12 |       9 |  42.9
        D:2 |     132 |       0 |   0.0 |      30 |       0 |   0.0
        D:3 |      41 |       0 |   0.0 |      18 |       0 |   0.0
        D:4 |     328 |     134 |  29.0 |      14 |       1 |   6.7
        D:5 |     604 |     147 |  19.6 |      13 |       7 |  35.0
        D:6 |     681 |     149 |  18.0 |      14 |       1 |   6.7
        D:7 |     340 |       0 |   0.0 |      10 |       0 |   0.0
        D:8 |    1255 |      33 |   2.6 |      26 |       1 |   3.7
        D:9 |    1229 |       8 |   0.6 |      13 |       4 |  23.5
       D:10 |    2845 |       0 |   0.0 |      12 |       0 |   0.0
    Ossuary |       0 |     570 | 100.0 |       0 |      30 | 100.0
            +---------+---------+-------+---------+---------+-------
